 Dungeon Crawl Stone Soup version 0.25.1-2-g60ff931df9 (webtiles) character file.

Game seed: 12251769892197931472

53 mandarbmax the Shooter (level 3, 0/29 HPs)
             Began as a Centaur Hunter on Oct 24, 2020.
             Killed from afar by a dart slug (5 damage)
             ... with a slug dart
             ... on level 2 of the Dungeon.
             The game lasted 00:03:10 (1662 turns).

mandarbmax the Shooter (Centaur Hunter)             Turns: 1662, Time: 00:03:10

Health: 0/29       AC:  6    Str: 14    XL:     3   Next: 64%
Magic:  3/3        EV:  8    Int: 10    God:
Gold:   41         SH:  0    Dex: 10    Spells: 2/2 levels left

rFire    . . .     SeeInvis .   m - +0 halberd
rCold    . . .     Gourm    .   (shield currently unavailable)
rNeg     . . .     Faith    .   l - +0 ring mail (curse)
rPois    .         Spirit   .   j - +0 helmet (curse)
rElec    .         Reflect  .   (no cloak)
rCorr    .         Harm     .   (no gloves)
MR       .....                  (no barding)
Stlth    ..........             (no amulet)
HPRegen  0.09/turn              (no ring)
MPRegen  0.08/turn              (no ring)

@: very quick
A: large, hooves 3, deformed body, speed 2, tough skin 3
a: no special abilities


You were on level 2 of the Dungeon.
You were hungry.

You visited 1 branch of the dungeon, and saw 2 of its levels.

You collected 41 gold pieces.

Inventory:

Hand Weapons
 a - a +1 shortbow
 b - a +0 short sword
 m - a +0 halberd (weapon)
Armour
 c - a +0 leather armour
 j - a cursed +0 helmet (worn)
 l - a cursed +0 ring mail (worn)
Scrolls
 e - a scroll of blinking {unknown}
 h - 6 scrolls of identify {unknown}
 i - 3 scrolls of remove curse {unknown}
Comestibles
 f - a ration


   Skills:
 - Level 2.0 Fighting
 + Level 7.1 Bows
 - Level 1.3 Dodging
 - Level 0.4 Stealth


You had 2 spell levels left.
You didn't know any spells.
Your spell library was empty.

Dungeon Overview and Level Annotations

Branches:
Dungeon (2/15)

Altars:

Annotations:
D:2 Terence


Innate Abilities, Weirdness & Mutations

You have hooves in place of feet.
Armour fits poorly on your strangely shaped body.
You cover ground very quickly.
You have extremely tough skin. (AC +3)


Message History

Aim: a gnoll, wielding a +0 whip You completely miss the gnoll.
Your kick misses the gnoll. The gnoll hits you with a +0 whip. x2
* * * LOW HITPOINT WARNING * * *
Unknown command.
Attack whom?
Press: ? - help, Dir - move target cursor, f/p - gnoll
Aim: a gnoll, wielding a +0 whip You reach to attack!
You hit the gnoll.
The gnoll is lightly wounded.
The gnoll hits you with a +0 whip.
* * * LOW HITPOINT WARNING * * *
A dart slug comes into view.
The dart slug launches a dart at you. The slug dart hits you.
* * * LOW HITPOINT WARNING * * *
There is a stone staircase leading up here.
The dart slug launches a dart at you. The slug dart hits you.
You die...

#........# #..#.....#
#..####..# #..####..#####
#..#..#......#
#............#####
##...##...gg.....#
######## #...##.#...####.#
#......#
#..g#####..####@###.####.#
#...##.##...........# #.#
#...##.##.w...#.##### #.#
##...............# #.#
....#...##.......# #.#
#####...##..#....# #.#
#...######...# #.#######
#...# #...# #..)..)(.
######..# .##..# ########(


You could see a dart slug.

Vanquished Creatures
  2 gnolls (D:2)
  A worm (D:2)
  A dart slug (D:1)
  3 goblins
  7 hobgoblins
  3 jackals (D:1)
  A quokka (D:2)
  4 bats
  2 frilled lizards (D:1)
  2 kobolds
  3 rats (D:1)
29 creatures vanquished.

Notes
Turn   | Place    | Note
-------+----------+-------------------------------------------
     0 | D:1      | mandarbmax the Centaur Hunter began the quest for the Orb.
     0 | D:1      | Reached XP level 1. HP: 17/17 MP: 1/1
   312 | D:1      | Reached XP level 2. HP: 11/24 MP: 2/2
   510 | D:1      | Reached skill level 6 in Bows
  1159 | D:2      | Reached XP level 3. HP: 20/29 MP: 3/3
  1268 | D:2      | Noticed Terence
  1394 | D:2      | Reached skill level 7 in Bows
  1662 | D:2      | Killed from afar by a dart slug

Illustrated notes

Levels and vault maps discovered:
D:1:      dpeg_arrival_concentric_ovals, layout_basic,
          chequers_hall_statues_corner_a, minivault_23
D:2:      layout_loops_ring, hangedman_decor_growths,
          minmay_misc_feat_more_columns, minmay_tetromino_l2, uniq_terence,
          uniq_robin, uniq_natasha

Skill      XL: |  1  2  3 |
---------------+----------+-----
Bows           | 6 7 |  7.1
Fighting       | |  2.0
Dodging        | |  1.3
Stealth        | |  0.4

Action                   || total
-------------------------++-------
Melee: Short sword       ||    94
       Kick              ||    16
       Halberd           ||     3
 Fire: Shortbow          ||    24
  Use: Potion            ||     1
  Eat: Chunk             ||     1
Armor: Leather armour    ||    53
       Ring mail         ||     3
Dodge: Dodged            ||    58
